 Dungeon Crawl Stone Soup version 0.18-a0-1776-gf4084f6 (webtiles) character file.

2841 TheGoonsmith the Basher (level 9, 0/51 HPs)
             Began as a Gargoyle Wizard on Apr 16, 2016.
             Was a Follower of Vehumet.
             Slain by an ice beast (11 damage)
             ... on level 6 of the Dungeon.
             The game lasted 01:13:13 (8643 turns).

TheGoonsmith the Basher (Gargoyle Wizard)           Turns: 8643, Time: 01:13:14

Health: 0/51       AC: 10    Str: 12    XL:     9   Next: 74%
Magic:  5/18       EV: 12    Int: 20    God:    Vehumet [*.....]
Gold:   336        SH:  0    Dex:  9    Spells: 5 memorised, 9 levels left

rFire  . . .     SeeInvis .     u - +3 whip (elec)
rCold  . . .     Gourm    .     a - +0 robe
rNeg   + . .     Faith    .     (no shield)
rPois  ∞         Spirit   .     b - +0 hat
rElec  +         Dismiss  .     q - +1 cloak
rCorr  .         Reflect  .     v - +0 pair of gloves
SustAt +         Harm     .     (no boots)
MR     .....                    (no amulet)
Stlth  +++.......               y - ring of sustain attributes
                                n - ring of stealth

@: repel missiles, not resistant to hostile enchantments, fairly stealthy
A: negative energy resistance 1, electricity resistance, unbreathing,
petrification resistance, rot immunity, AC +5
a: Renounce Religion


You were on level 6 of the Dungeon.
You worshipped Vehumet.
Vehumet was aware of your devotion.
You were hungry.

You visited 2 branches of the dungeon, and saw 8 of its levels.

You collected 336 gold pieces.

Inventory:

Hand Weapons
 e - a +0 club
 r - a +1 dagger of venom
 s - the +6 rapier "TheGoonsmith's Curse" {drain, rElec rN+ Int+2}
   (You found it on level 5 of the Dungeon)

   A truly terrible weapon, it drains the life of those it strikes.
   It affects your intelligence (+2).
   It insulates you from electricity.
   It protects you from negative energy.
 u - a +3 whip of electrocution (weapon)
 H - the +4 spear of Befit {holy, Stlth+}
   (You found it on level 6 of the Dungeon)

   It has been blessed by the Shining One to cause great damage to the undead
   and demons.
   It makes you more stealthy.
Armour
 a - a +0 robe (worn)
 b - a +0 hat (worn)
 q - a +1 cloak (worn)
 v - a +0 pair of gloves (worn)
 x - the +5 large shield "Hiehyn" {MR- Dex+4}
   (You found it on level 4 of the Dungeon)

   It affects your dexterity (+4).
   It affects your resistance to hostile enchantments.
Jewellery
 g - an uncursed amulet of harm
 n - a ring of stealth (left hand)
 y - a ring of sustain attributes (right hand)
Wands
 z - a wand of digging (11/24)
 B - a wand of flame (28/48)
Scrolls
 k - a scroll of teleportation
 o - 6 scrolls of remove curse
 A - a scroll of identify
 C - a scroll of holy word {unknown}
 D - a scroll of amnesia {unknown}
 F - a scroll of fear {unknown}
 G - a scroll of immolation {unknown}
Potions
 i - 2 potions of cancellation {unknown}
 l - a potion of agility
 m - 3 potions of curing
 p - a potion of haste
 t - a potion of might
 E - a potion of heal wounds
Books
 c - a book of Minor Magic

   Spells                             Type                      Level
   a - Magic Dart                     Conjuration                  1
   b - Blink                          Translocation                2
   c - Call Imp                       Summoning                    2
   d - Repel Missiles                 Charms/Air                   2
   e - Slow                           Hexes                        2
   f - Conjure Flame                  Conjuration/Fire             3
   g - Mephitic Cloud                 Conjuration/Poison/Air       3
Comestibles
 d - 2 bread rations
 f - 4 meat rations
 h - a royal jelly
 j - a slice of pizza
 w - 2 beef jerkies


   Skills:
 - Level 3.2 Fighting
 - Level 2.5 Short Blades
 - Level 8.0 Maces & Flails
 - Level 1.5 Dodging
 - Level 2.1 Stealth
 - Level 6.0 Spellcasting
 - Level 5.0 Conjurations
 + Level 3.0 Charms
   Level 0.8 Summonings
 - Level 2.4 Translocations
 - Level 2.0 Air Magic
 - Level 2.0 Poison Magic


You had 9 spell levels left.
You knew the following spells:

 Your Spells              Type           Power        Failure   Level  Hunger
a - Magic Dart            Conj           ####         1%          1    None
b - Blink                 Tloc           N/A          10%         2    None
c - Conjure Flame         Conj/Fire      ###.....     12%         3    ##.....
d - Repel Missiles        Chrm/Air       ###...       6%          2    None
x - Mephitic Cloud        Conj/Pois/Air  ###.....     10%         3    ##.....


Dungeon Overview and Level Annotations

Branches:
Dungeon (7/15)             Temple (1/1) D:4

Altars:
Ashenzari
Cheibriados
Dithmenos
Elyvilon
Fedhas
Gozag
Kikubaaqudgha
Makhleb
Nemelex Xobeh
Okawaru
Pakellas
Qazlal
Ru
Sif Muna
Trog
Vehumet
Xom
Yredelemnul
Zin
The Shining One


Innate Abilities, Weirdness & Mutations

You are resistant to torment.
Your stone body is resilient (AC +5).
You are immune to poison.
You resist negative energy.
You are resistant to electric shocks.
You can survive without breathing.
You are immune to petrification.
You are immune to rotting.


Message History

Vehumet accepts your kill. The ice beast barely misses you.
You hit the black bear.
There is a sudden explosion of sparks!
The black bear is severely wounded.
The water moccasin closely misses you. The quokka skeleton closely misses you.
The black bear is engulfed in noxious fumes.
The black bear appears confused.
Unknown command.
The water moccasin bites you but does no damage.
The ice beast hits you but does no damage.
The giant gecko skeleton bites you but does no damage.
The quokka skeleton bites you but does no damage.
The water moccasin bites you.
* * * LOW HITPOINT WARNING * * *
You climb upwards.
There is a stone staircase leading down here.
The ice beast hits you.
* * * LOW HITPOINT WARNING * * *
The ice beast freezes you!
You die...

......######..#.#.#..#.#.#####.##
......####........#.....).......#
#####.........#.#.#.##.####.##.##
#.[...)...#.#.#....#....##.#
#.........#...#######.#######
#.........##..#..............
###########.##S.#.###.....).))#
#.....>.....###>#.# #....####.#
#.............@Y#.# #....# #.#
#........).####.#.# #....# #)#
#..........# #.#.# #....# #.#
#..........####.#.###....# #.#
#.......................## #.#
#.......................# #..
#########...............# ###
#...............#######
#############.........#


You could see an ice beast.

Vanquished Creatures
  Pikel (D:6)
  An orc warrior (D:6)
  Duvessa (D:5)
  2 ice beasts (D:6)
  A black bear (D:6)
  A necrophage (D:5)
  4 ogres
  A phantom (D:4)
  A centaur (D:3)
  3 giant frogs (D:6)
  Dowan (D:5)
  3 scorpions (D:4)
  2 crimson imps (D:6)
  5 hounds
  A gnoll shaman (D:4)
  3 orc priests (D:6)
  A jelly (D:5)
  2 orc wizards
  Natasha (thrice) (D:3)
  4 worker ants
  11 gnolls
  2 river rats (D:3)
  7 adders
  3 shadow imps
  2 worms
  5 dart slugs
  2 giant geckos
  21 orcs
  3 giant cockroaches
  7 goblins
  7 hobgoblins
  15 jackals
  7 kobolds
  A quokka (D:6)
  3 ball pythons
  4 bats
  A giant gecko skeleton (D:4)
  3 giant newts
  A jackal skeleton (D:4)
  A jackal zombie (D:5)
  2 quokka skeletons
  13 rats
162 creatures vanquished.

Vanquished Creatures (others)
  3 slaves (D:6)
  A giant gecko (D:6)
4 creatures vanquished.

Grand Total: 166 creatures vanquished

Notes
Turn   | Place    | Note
--------------------------------------------------------------
     0 | D:1      | TheGoonsmith the Gargoyle Wizard began the quest for the Orb.
     0 | D:1      | Reached XP level 1. HP: 10/10 MP: 4/4
   197 | D:1      | Reached XP level 2. HP: 15/15 MP: 0/6
   812 | D:1      | Reached XP level 3. HP: 9/19 MP: 0/7
   884 | D:1      | Learned a level 3 spell: Mephitic Cloud
   888 | D:1      | Learned a level 3 spell: Conjure Flame
  1201 | D:2      | Found a shadowy altar of Dithmenos.
  1569 | D:2      | Found a sacrificial altar of Ru.
  1637 | D:2      | Reached XP level 4. HP: 24/24 MP: 3/8
  1691 | D:2      | Reached skill level 1 in Poison Magic
  1726 | D:2      | Learned a level 2 spell: Repel Missiles
  2191 | D:3      | Reached skill level 1 in Maces & Flails
  2216 | D:3      | Reached XP level 5. HP: 28/28 MP: 1/9
  2238 | D:3      | Noticed a centaur
  2246 | D:3      | Killed a centaur
  2246 | D:3      | Reached skill level 3 in Maces & Flails
  2584 | D:3      | Noticed an ogre
  2635 | D:3      | Killed an ogre
  2635 | D:3      | Reached skill level 4 in Maces & Flails
  2635 | D:3      | Reached XP level 6. HP: 8/32 MP: 2/10
  3116 | D:3      | Noticed Natasha
  3123 | D:3      | Killed Natasha
  3300 | D:3      | Noticed Natasha
  3307 | D:3      | Killed Natasha
  3548 | D:3      | Noticed Natasha
  3553 | D:3      | Killed Natasha
  3553 | D:3      | Reached skill level 5 in Conjurations
  3553 | D:3      | Reached XP level 7. HP: 33/36 MP: 4/11
  4102 | D:4      | Found a staircase to the Ecumenical Temple.
  4111 | D:4      | Reached skill level 1 in Air Magic
  4135 | Temple   | Entered the Ecumenical Temple
  4489 | Temple   | Became a worshipper of Vehumet
  5360 | D:4      | Reached skill level 5 in Spellcasting
  5360 | D:4      | Reached XP level 8. HP: 39/41 MP: 5/15
  5364 | D:4      | Learned a level 2 spell: Blink
  5804 | D:4      | Got a faintly humming large shield
  5810 | D:4      | Identified the +5 large shield "Hiehyn" {MR- Dex+4} (You found it on level 4 of the Dungeon)
  5999 | D:5      | Entered Level 5 of the Dungeon
  6240 | D:5      | Got a polished rapier
  6241 | D:5      | Identified the +6 rapier "TheGoonsmith's Curse" {drain, rElec rN+ Int+2} (You found it on level 5 of the Dungeon)
  6577 | D:5      | Noticed Duvessa
  6577 | D:5      | Noticed Dowan
  6588 | D:5      | Killed Duvessa
  6588 | D:5      | Reached skill level 1 in Short Blades
  6594 | D:5      | Killed Dowan
  6822 | D:6      | Reached skill level 1 in Fighting
  6966 | D:6      | Reached skill level 1 in Translocations
  7142 | D:6      | Reached skill level 5 in Maces & Flails
  7142 | D:6      | Reached XP level 9. HP: 40/51 MP: 13/18
  7161 | D:6      | Reached * piety under Vehumet
  7161 | D:6      | Offered knowledge of Sandblast by Vehumet.
  7197 | D:6      | Reached skill level 6 in Maces & Flails
  7333 | D:6      | Found a sacrificial altar of Ru.
  7389 | D:6      | Found a burning altar of Makhleb.
  7391 | D:6      | Found a white marble altar of Elyvilon.
  7656 | D:6      | Noticed Pikel
  7667 | D:6      | Killed Pikel
  7667 | D:6      | Reached skill level 7 in Maces & Flails
  7781 | D:6      | Reached skill level 8 in Maces & Flails
  7925 | D:6      | Reached skill level 1 in Charms
  7931 | D:6      | Got an ebony spear
  7932 | D:6      | Identified the +4 spear of Befit {holy, Stlth+} (You found it on level 6 of the Dungeon)
  8643 | D:6      | Slain by an ice beast

Vault maps used:
D:1:      shiori_arrival_whats_in_store_for_you, serial_curves, eino_curves_04,
          eino_curves_03
D:2:      nicolae_dithmenos_through_a_glass_darkly, first_bread,
          nicolae_ru_awakened_eye
D:3:      portal_sewer_entry_e, minmay_close_crescents, uniq_natasha
D:4:      kennysheep_big_flooded_room, minmay_temple_entry_butterflies
D:5:      lemuel_upstairs_altar, uniq_duvessa
D:6:      minitemple, lemuel_statue_altar, uniq_pikel
D:7:      serial_shops, shop, hangedman_decor_diamond_cutter
Temple:   nicolae_temple_the_god_donut

Skill      XL: |  1  2  3  4  5  6  7  8  9 |
---------------+----------------------------+-----
Conjurations   | 2 3 4 5 |  5.0
Poison Magic   | 2 |  2.0
Maces & Flails | 1 4 5 8 |  8.0
Air Magic      | 2 |  2.0
Spellcasting   | 5 6 |  6.0
Short Blades   | 2 |  2.5
Fighting       | 3 |  3.2
Translocations | 2 |  2.4
Charms         | 3 |  3.0
Dodging        | |  1.5
Stealth        | |  2.1
Summonings     | |  0.8

Action                   |  1- 3 |  4- 6 |  7- 9 || total
-------------------------+-------+-------+-------++-------
Melee: Unarmed           |     3 |       |       ||     3
       Club              |    36 |       |       ||    36
       Dagger            |       |    11 |       ||    11
       Whip              |       |    84 |   151 ||   235
       Rapier            |       |       |     1 ||     1
 Cast: Magic Dart        |    70 |   118 |   245 ||   433
       Mephitic Cloud    |       |     2 |    13 ||    15
       Conjure Flame     |       |     1 |     5 ||     6
       Repel Missiles    |       |       |     1 ||     1
  Use: Scroll            |       |     8 |     4 ||    12
       Potion            |       |     1 |     4 ||     5
 Stab: Sleeping          |       |       |     1 ||     1
       Confused          |       |       |     1 ||     1
  Eat: Chunk             |     2 |     7 |    11 ||    20
       Bread ration      |       |       |     1 ||     1
Armor: Robe              |    21 |    43 |    73 ||   137
Dodge: Dodged            |    26 |    54 |   119 ||   199
       Deflected         |       |       |     1 ||     1
